3L
TOLEDO STINGERS @ PANAMA CITY PIRANHAS
08/21/2038
 
TOP OF THE 1ST
Toledo Stingers batting - Pitching for Panama City Piranhas : RHP Harry Stuterberg
Pitching: RHP Harry Stuterberg
Batting: RHB Jesús Morán 0-0: Swinging Strike
0-1: Ground out 1-3 (Groundball, 13S, EV 65.0 MPH)
Batting: LHB Chet Clifton 0-0: Called Strike
0-1: Foul Ball, location: 2F
0-2: Ball
1-2: Ball
2-2: Foul Ball, location: 2F
2-2: Ball
3-2: Base on Balls
Batting: LHB Pedro Serano 0-0: Called Strike
0-1: Fly out, F4 (Line Drive, 4, EV 71.2 MPH)
Batting: LHB Dan Hines 0-0: Fly out, F8 (Flyball, 8RS, EV 98.1 MPH)
Top of the 1st over - 0 runs, 0 hits, 0 errors, 1 left on base; Toledo 0 - Panama City 0
BOTTOM OF THE 1ST
Panama City Piranhas batting - Pitching for Toledo Stingers : RHP Tupac Blanch
Pitching: RHP Tupac Blanch
Batting: RHB Arnie Taylor 0-0: Ball
1-0: Called Strike
1-1: Foul Ball, location: 2F
1-2: Foul Ball, location: 2F
1-2: Ball
2-2: Ball
3-2: Base on Balls
Batting: SHB Ben Boston 0-0: Ball
1-0: Foul Ball, location: 2F
1-1: Called Strike
1-2: Ball
2-2: Fielders Choice at 2nd, 3-6 (Groundball, 34S, EV 92.5 MPH)
Batting: RHB Silvio Bonauiti 0-0: Ball
1-0: Called Strike
1-1: Ball
2-1: Ball
3-1: Base on Balls
Ben Boston to second
Batting: RHB António Mendoza 0-0: Called Strike
0-1: Foul Ball, location: 2F
0-2: Ball
1-2: Ball
2-2: Fielders Choice at 2nd, 6-4 (Groundball, 6, EV 86.9 MPH)
Ben Boston to third
Batting: RHB Craig Tricket 0-0: Ball
1-0: Foul Ball, location: 2F
1-1: Foul Ball, location: 2F
1-2: Ball
2-2: Foul Ball, location: 2F
2-2: Ground out 5-3 (Groundball, 56S, EV 83.8 MPH)
Bottom of the 1st over - 0 runs, 0 hits, 0 errors, 2 left on base; Toledo 0 - Panama City 0
TOP OF THE 2ND
Toledo Stingers batting - Pitching for Panama City Piranhas : RHP Harry Stuterberg
Batting: RHB Brook Linen 0-0: Ball
1-0: Swinging Strike
1-1: Ball
2-1: Called Strike
2-2: Ground out 4-3 (Groundball, 34, EV 88.8 MPH)
Batting: RHB Álex Maroto 0-0: Called Strike
0-1: Ball
1-1: Ball
2-1: Foul Ball, location: 2F
2-2: Strikes out swinging
Batting: LHB Larry Moore 0-0: Called Strike
0-1: Ball
1-1: Ball
2-1: Ball
3-1: Base on Balls
Batting: LHB Francisco Alfaro 0-0: Ball
1-0: Ball
2-0: Foul Ball, location: 2F
2-1: Ball
3-1: Base on Balls
Larry Moore to second
Batting: RHB Roy Bowman 0-0: Ball
1-0: Foul Ball, location: 2F
1-1: Fly out, F4 (Popup, 4M, EV 68.8 MPH)
Top of the 2nd over - 0 runs, 0 hits, 0 errors, 2 left on base; Toledo 0 - Panama City 0
BOTTOM OF THE 2ND
Panama City Piranhas batting - Pitching for Toledo Stingers : RHP Tupac Blanch
Batting: RHB David Austin 0-0: Ball
1-0: Foul Ball, location: 2F
1-1: Ball
2-1: Ball
3-1: Foul Ball, location: 2F
3-2: Foul Ball, location: 2F
3-2: Foul Ball, location: 2F
3-2: Foul Ball, location: 2F
3-2: Ground out 5-3 (Groundball, 56, EV 100.6 MPH)
Batting: RHB Chrysler Rodriguez 0-0: SOLO HOME RUN (Flyball, 7LD, EV 91.2 MPH), Distance : 325 ft
Batting: RHB Quindarious Monday 0-0: Ball
1-0: Called Strike
1-1: Ball
2-1: Foul Ball, location: 2F
2-2: Strikes out looking
Batting: RHB Brant Thigpen 0-0: Swinging Strike
0-1: Ball
1-1: Ball
2-1: Foul Ball, location: 2F
2-2: Fly out, F9 (Line Drive, 89S, EV 107.5 MPH)
Bottom of the 2nd over - 1 run, 1 hit, 0 errors, 0 left on base; Toledo 0 - Panama City 1
TOP OF THE 3RD
Toledo Stingers batting - Pitching for Panama City Piranhas : RHP Harry Stuterberg
Batting: RHB Jesús Morán 0-0: Ball
1-0: Bunted foul
1-1: Ball
2-1: Foul Ball, location: 2F
2-2: Foul Ball, location: 2F
2-2: Foul Ball, location: 2F
2-2: Strikes out swinging
Batting: LHB Chet Clifton 0-0: Ball
1-0: Ball
2-0: Ball
3-0: Base on Balls
Batting: LHB Pedro Serano 0-0: Called Strike
0-1: Ball
1-1: SINGLE (Flyball, 7S, EV 81.2 MPH)
Chet Clifton to second
Batting: LHB Dan Hines 0-0: Foul Ball, location: 2F
0-1: Foul Ball, location: 2F
0-2: Foul Ball, location: 2F
0-2: Ball
1-2: Ball
2-2: Ball
3-2: Strikes out swinging
Batting: RHB Brook Linen 0-0: Ball
1-0: Foul Ball, location: 2F
1-1: SINGLE (Line Drive, 6D, EV 96.2 MPH)
Chet Clifton to third
Pedro Serano to second
Batting: RHB Álex Maroto 0-0: Called Strike
0-1: Called Strike
0-2: Strikes out looking
Top of the 3rd over - 0 runs, 2 hits, 0 errors, 3 left on base; Toledo 0 - Panama City 1
BOTTOM OF THE 3RD
Panama City Piranhas batting - Pitching for Toledo Stingers : RHP Tupac Blanch
Batting: RHB Arnie Taylor 0-0: Called Strike
0-1: Ball
1-1: Swinging Strike
1-2: Strikes out looking
Batting: SHB Ben Boston 0-0: Ball
1-0: Foul Ball, location: 2F
1-1: Ball
2-1: Swinging Strike
2-2: Ball
3-2: Base on Balls
Batting: RHB Silvio Bonauiti 0-0: Foul Ball, location: 2F
0-1: Swinging Strike
0-2: Fly out, F8 (Line Drive, 8LM, EV 103.1 MPH)
Batting: RHB António Mendoza 0-0: Called Strike
0-1: Swinging Strike
0-2: Foul Ball, location: 2F
0-2: Ball
1-2: Fly out, F7 (Flyball, 78M, EV 90.6 MPH)
Bottom of the 3rd over - 0 runs, 0 hits, 0 errors, 1 left on base; Toledo 0 - Panama City 1
TOP OF THE 4TH
Toledo Stingers batting - Pitching for Panama City Piranhas : RHP Harry Stuterberg
Batting: LHB Larry Moore 0-0: Ball
1-0: Foul Ball, location: 2F
1-1: Foul Ball, location: 2F
1-2: Foul Ball, location: 2F
1-2: Ball
2-2: Ball
3-2: Fly out, F7 (Flyball, 78D, EV 95.6 MPH)
Batting: LHB Francisco Alfaro 0-0: Foul Ball, location: 2F
0-1: Fly out, F9 (Flyball, 9LS, EV 88.1 MPH)
Batting: RHB Roy Bowman 0-0: Foul Ball, location: 2F
0-1: Ground out 6-3 (Groundball, 6MS, EV 76.2 MPH)
Top of the 4th over - 0 runs, 0 hits, 0 errors, 0 left on base; Toledo 0 - Panama City 1
BOTTOM OF THE 4TH
Panama City Piranhas batting - Pitching for Toledo Stingers : RHP Tupac Blanch
Batting: RHB Craig Tricket 0-0: SINGLE (Line Drive, 6M, EV 99.4 MPH)
Batting: RHB David Austin 0-0: Called Strike
0-1: Fielders Choice at 2nd, 4-6 (Groundball, 4, EV 85.6 MPH)
Batting: RHB Chrysler Rodriguez 0-0: Ball
1-0: Called Strike
1-1: Foul Ball, location: 2F
1-2: Ball
2-2: Fly out, F8 (Line Drive, 8RM, EV 90.6 MPH)
Batting: RHB Quindarious Monday 0-0: Called Strike
David Austin steals 2nd base
0-1: Ball
1-1: Ball
2-1: Ball
3-1: Base on Balls
Batting: RHB Brant Thigpen 0-0: Called Strike
0-1: Foul Ball, location: 2F
0-2: Ball
1-2: Ball
2-2: Ball
3-2: Ground out 6-3 (Groundball, 6, EV 101.9 MPH)
Bottom of the 4th over - 0 runs, 1 hit, 0 errors, 2 left on base; Toledo 0 - Panama City 1
TOP OF THE 5TH
Toledo Stingers batting - Pitching for Panama City Piranhas : RHP Harry Stuterberg
Batting: RHB Jesús Morán 0-0: Called Strike
0-1: Ball
1-1: Called Strike
1-2: Strikes out looking
Batting: LHB Chet Clifton 0-0: Ball
1-0: Ball
2-0: Ball
3-0: Called Strike
3-1: Foul Ball, location: 2F
3-2: Base on Balls
Batting: LHB Pedro Serano 0-0: Called Strike
0-1: Ball
1-1: Foul Ball, location: 2F
1-2: Strikes out swinging
Batting: LHB Dan Hines 0-0: Called Strike
0-1: Foul Ball, location: 2F
0-2: Strikes out swinging
Top of the 5th over - 0 runs, 0 hits, 0 errors, 1 left on base; Toledo 0 - Panama City 1
BOTTOM OF THE 5TH
Panama City Piranhas batting - Pitching for Toledo Stingers : RHP Tupac Blanch
Batting: RHB Arnie Taylor 0-0: Foul Ball, location: 2F
0-1: Foul Ball, location: 2F
0-2: Ball
1-2: Foul Ball, location: 2F
1-2: Foul Ball, location: 2F
1-2: Foul Ball, location: 2F
1-2: SINGLE (Groundball, 56D, EV 106.2 MPH)
Batting: SHB Ben Boston 0-0: Sac Bunt to 2R - play at first, batter OUT! 2-3
Arnie Taylor to second
Batting: RHB Silvio Bonauiti 0-0: Ball
1-0: Ball
2-0: Called Strike
2-1: Called Strike
2-2: 2-RUN HOME RUN (Flyball, 7D, EV 103.1 MPH), Distance : 364 ft
Batting: RHB António Mendoza 0-0: Foul Ball, location: 2F
0-1: Foul Ball, location: 2F
0-2: Foul Ball, location: 2F
0-2: Strikes out swinging
Batting: RHB Craig Tricket 0-0: Ball
1-0: Ball
2-0: Ground out 6-3 (Groundball, 6, EV 89.4 MPH)
Bottom of the 5th over - 2 runs, 2 hits, 0 errors, 0 left on base; Toledo 0 - Panama City 3
TOP OF THE 6TH
Toledo Stingers batting - Pitching for Panama City Piranhas : RHP Harry Stuterberg
Batting: RHB Brook Linen 0-0: Ball
1-0: Ball
2-0: Ground out 5-3 (Groundball, 5, EV 83.1 MPH)
Batting: RHB Álex Maroto 0-0: Foul Ball, location: 2F
0-1: Ball
1-1: Ground out 1-3 (Groundball, 13, EV 92.5 MPH)
Batting: LHB Larry Moore 0-0: Swinging Strike
0-1: Foul Ball, location: 2F
0-2: SINGLE (Groundball, 6D, EV 107.5 MPH)
Batting: LHB Francisco Alfaro 0-0: Ball
1-0: Called Strike
1-1: Ball
2-1: SINGLE (Flyball, 78S, EV 94.4 MPH)
Larry Moore to second
Pitching: RHP Orynn Veillon
Batting: RHB Roy Bowman 0-0: Foul Ball, location: 2F
0-1: Ball
1-1: Swinging Strike
1-2: Ball
2-2: Strikes out looking
Top of the 6th over - 0 runs, 2 hits, 0 errors, 2 left on base; Toledo 0 - Panama City 3
BOTTOM OF THE 6TH
Panama City Piranhas batting - Pitching for Toledo Stingers : RHP Tupac Blanch
Batting: RHB David Austin 0-0: Ball
1-0: Ball
2-0: Ball
3-0: Base on Balls
Pitching: RHP Enrique Castillo
Batting: RHB Chrysler Rodriguez 0-0: Swinging Strike
0-1: Ball
1-1: Bunt missed!
1-2: SINGLE (Flyball, 78M, EV 88.1 MPH)
David Austin to second
Batting: RHB Quindarious Monday 0-0: Called Strike
0-1: Foul Ball, location: 2F
0-2: Fielders Choice at 2nd, 3-6 (Groundball, 3, EV 85.0 MPH)
David Austin to third
Batting: RHB Brant Thigpen 0-0: Ball
Quindarious Monday is caught stealing 2nd base 2-4
1-0: Called Strike
1-1: Foul Ball, location: 2F
1-2: Ball
2-2: Foul Ball, location: 2F
2-2: Strikes out swinging
Bottom of the 6th over - 0 runs, 1 hit, 0 errors, 1 left on base; Toledo 0 - Panama City 3
TOP OF THE 7TH
Toledo Stingers batting - Pitching for Panama City Piranhas : RHP Orynn Veillon
Batting: RHB Jesús Morán 0-0: Foul Ball, location: 2F
0-1: Swinging Strike
0-2: Ball
1-2: Strikes out swinging
Batting: LHB Chet Clifton 0-0: Ball
1-0: Called Strike
1-1: Ball
2-1: Called Strike
2-2: Strikes out looking
Batting: LHB Pedro Serano 0-0: Ball
1-0: SINGLE (Groundball, 6MD, EV 95.0 MPH)
Pitching: RHP Tobías Pérez
Batting: LHB Dan Hines 0-0: Foul Ball, location: 2F
0-1: Foul Ball, location: 2F
0-2: Fly out, F8 (Flyball, 8LD, EV 106.2 MPH)
Top of the 7th over - 0 runs, 1 hit, 0 errors, 1 left on base; Toledo 0 - Panama City 3
BOTTOM OF THE 7TH
Panama City Piranhas batting - Pitching for Toledo Stingers : RHP Enrique Castillo
Batting: RHB Arnie Taylor 0-0: Ball
1-0: Fly out, F9 (Line Drive, 9, EV 93.8 MPH)
Batting: SHB Ben Boston 0-0: Ball
1-0: Foul Ball, location: 2F
1-1: Foul Ball, location: 2F
1-2: Foul Ball, location: 2F
1-2: Fly out, F3 (Popup, 3F, EV 70.6 MPH)
Batting: RHB Silvio Bonauiti 0-0: Ball
1-0: Swinging Strike
1-1: Ball
2-1: Foul Ball, location: 2F
2-2: Ball
3-2: Strikes out swinging
Bottom of the 7th over - 0 runs, 0 hits, 0 errors, 0 left on base; Toledo 0 - Panama City 3
TOP OF THE 8TH
Toledo Stingers batting - Pitching for Panama City Piranhas : RHP Tobías Pérez
Batting: RHB Brook Linen 0-0: Ball
1-0: Called Strike
1-1: Foul Ball, location: 2F
1-2: Strikes out swinging
Batting: RHB Álex Maroto 0-0: SINGLE (Groundball, 56, EV 99.4 MPH) (infield hit)
Batting: LHB Larry Moore 0-0: Foul Ball, location: 2F
0-1: Ball
1-1: Called Strike
1-2: Fielders Choice at 2nd, 1-6 (Groundball, P, EV 69.4 MPH)
Batting: LHB Francisco Alfaro 0-0: Ball
1-0: Swinging Strike
1-1: Ball
2-1: Ball
3-1: Called Strike
3-2: Ground out 5-3 (Groundball, 5, EV 95.6 MPH)
Top of the 8th over - 0 runs, 1 hit, 0 errors, 1 left on base; Toledo 0 - Panama City 3
BOTTOM OF THE 8TH
Panama City Piranhas batting - Pitching for Toledo Stingers : RHP Enrique Castillo
Batting: RHB António Mendoza 0-0: Called Strike
0-1: Ground out 5-3 (Groundball, 5S, EV 71.2 MPH)
Batting: RHB Craig Tricket 0-0: Called Strike
0-1: Ball
1-1: Ball
2-1: Ball
3-1: Base on Balls
Batting: RHB David Austin 0-0: Ball
1-0: Foul Ball, location: 2F
1-1: Ball
2-1: Fly out, F9 (Line Drive, 9, EV 90.6 MPH)
Batting: RHB Chrysler Rodriguez 0-0: Ball
1-0: Ball
2-0: Foul Ball, location: 2F
2-1: Ball
3-1: TRIPLE (Line Drive, 89XD, EV 97.5 MPH)
Craig Tricket scores
Batting: RHB Quindarious Monday 0-0: Called Strike
0-1: Ball
1-1: Ball
2-1: Swinging Strike
2-2: Ball
3-2: Ground out 6-3 (Groundball, 6, EV 86.2 MPH)
Bottom of the 8th over - 1 run, 1 hit, 0 errors, 1 left on base; Toledo 0 - Panama City 4
TOP OF THE 9TH
Toledo Stingers batting - Pitching for Panama City Piranhas : RHP Tobías Pérez
Batting: RHB Roy Bowman 0-0: Foul Ball, location: 2F
0-1: Ball
1-1: Ball
2-1: Ground out 6-3 (Groundball, 6, EV 101.2 MPH)
Batting: RHB Jesús Morán 0-0: Called Strike
0-1: Ball
1-1: Ball
2-1: Ball
3-1: Base on Balls
Pitching: RHP Román Mejía
Batting: LHB Chet Clifton 0-0: Called Strike
0-1: Foul Ball, location: 2F
0-2: Strikes out swinging
Batting: LHB Pedro Serano 0-0: Ball
1-0: Called Strike
1-1: Foul Ball, location: 2F
1-2: Ball
2-2: Fly out, F7 (Flyball, 7S, EV 90.6 MPH)
Top of the 9th over - 0 runs, 0 hits, 0 errors, 1 left on base; Toledo 0 - Panama City 4
Friday, April 17th, 2020 - OOTP Baseball 20.8 Build 74